Map: Port Aleksander LE

Players

Booyakasha (Elazer)

  • Race: Zerg Zerg
  • League: Grandmaster
  • Spawn Location: 11:00

llIlIllIllII (Stephano)

  • Race: Zerg Zerg
  • League: Grandmaster
  • Spawn Location: 5:00

Special (Lambo)

  • Race: Zerg Zerg
  • League: Master

soul (SpeCial)

  • Race: Terran Terran
  • League: Master

Lambo (souL)

  • Race: Terran Terran
  • League: Master

Kelazhur

  • Race: Terran Terran
  • League: Master

VOD

Have the link to the VOD?

Description

Time

  • Played on: Dec. 2, 2018, 12:49 p.m.
  • Length: 34:37
Show
View Real Time Build Order
Export as new Build Order

Booyakasha Zerg 

Build Orders: Hatch First 

Get SALT Encoding   

  12  0:00  Drone  
  13  0:12  Overlord  
  13  0:17  Drone  
  14  0:30  Drone x2  
  16  0:48  Hatchery  
  15  0:52  Drone  
  15  0:56  Drone  
  17  0:58  Drone  
  18  1:10  Extractor  
  17  1:15  Spawning Pool  
  17  1:17  Drone  
  17  1:21  Drone  
  18  1:27  Drone  
  19  1:38  Drone  
  20  1:49  Drone  
  21  2:02  Queen x2  
  21  2:03  Zergling x4  
  27  2:12  Overlord  
  27  2:15  Drone  
  28  2:24  Hatchery  
  28  2:29  Drone  
  28  2:32  Drone  
  28  2:35  Drone  
  30  2:37  Drone  
  30  2:42  Queen  
  33  2:47  Overlord  
  33  2:52  Metabolic Boost  
  33  2:56  Drone  
  34  3:03  Drone x2  
  36  3:05  Drone x2  
  36  3:11  Overlord  
  39  3:12  Drone  
  39  3:13  Drone  
  39  3:18  Drone  
  42  3:20  Drone  
  42  3:22  Queen  
  44  3:29  Overlord  
  43  3:39  Drone  
  43  3:40  Queen  
  46  3:41  Zergling x6  
  46  3:42  Zergling x2  
  50  3:49  Drone x4  
  50  3:53  Drone x3  
  57  4:01  Drone x3  
  60  4:04  Drone  
  60  4:07  Queen  
  63  4:15  Zergling x4  
  63  4:22  Queen  
  63  4:23  Overlord x2  
  65  4:27  Evolution Chamber  
  65  4:28  Evolution Chamber  
  65  4:29  Evolution Chamber  
  62  4:34  Drone x3  
  65  4:43  Spore Crawler  
  65  4:45  Zergling x10, Spore Crawler  
  69  4:49  Drone x2  
  69  4:51  Drone x3  
  74  4:56  Drone  
  74  4:57  Zerg Ground Armor Level 1  
  74  4:59  Zerg Melee Weapons Level 1  
  75  5:07  Drone x6  
  75  5:11  Drone  
  81  5:34  Drone x3  
  81  5:38  Extractor  
  81  5:39  Extractor, Lair  
  81  5:42  Queen  
  78  5:43  Hatchery  
  78  5:46  Zergling x2  
  78  5:47  Zergling x8  
  78  5:49  Overlord  
  82  5:54  Overlord  
  81  5:57  Extractor  
  81  5:58  Drone, Overlord  
  81  5:59  Baneling Nest  
  79  6:08  Overlord  
  78  6:15  Drone x7  
  78  6:16  Drone x2  
  86  6:20  Drone x4  
  86  6:24  Hatchery  
  89  6:36  Queen  
  89  6:39  Zergling x14  
  98  6:45  Zergling x8  
  98  6:47  Centrifical Hooks, Baneling x6  
  102  6:55  Zerg Ground Armor Level 2  
  102  6:57  Zergling x12  
  104  7:12  Overlord  
  104  7:13  Zerg Melee Weapons Level 2  
  104  7:14  Zergling x2  
  104  7:15  Zergling x18  
  114  7:17  Baneling x2  
  114  7:27  Drone x3  
  114  7:28  Drone x5  
  119  7:32  Spore Crawler  
  118  7:37  Extractor  
  118  7:38  Drone x4, Hydralisk Den  
  120  7:51  Drone x11  
  112  7:54  Extractor x2  
  112  7:56  Zergling x4  
  112  7:57  Zergling x2  
  112  7:58  Burrow  
  120  8:01  Infestation Pit  
  119  8:07  Baneling x4  
  119  8:12  Muscular Augments, Baneling x5  
  114  8:23  Hydralisk x3  
  114  8:25  Overlord x2  
  119  8:30  Overlord  
  116  8:40  Hydralisk  
  116  8:41  Hydralisk x2  
  113  8:42  Overlord x2  
  113  8:44  Drone x3  
  113  8:48  Zergling x22  
  131  8:51  Overseer  
  131  8:55  Zergling x14  
  129  8:56  Zergling x2  
  129  9:01  Zergling x8  
  135  9:07  Zergling x8  
  135  9:08  Zergling x4  
  141  9:10  Baneling x4  
  134  9:17  Hydralisk x3  
  134  9:18  Hydralisk  
  134  9:19  Overseer  
  134  9:21  Baneling x5  
  134  9:23  Grooved Spines  
  141  9:25  Hive  
  141  9:28  Zerg Missile Weapons Level 1  
  141  9:31  Drone x2  
  141  9:32  Drone x3  
  141  9:37  Pneumatized Carapace  
  146  9:43  Hydralisk x4  
  154  9:48  Hydralisk x2  
  157  9:57  Overseer  
  157  10:00  Zergling x2  
  157  10:01  Baneling x3, Overlord x3  
  153  10:11  Zergling x12  
  156  10:15  Hydralisk  
  156  10:16  Overlord x2  
  154  10:27  Spore Crawler x2  
  149  10:29  Zergling x38  
  164  10:39  Zerg Ground Armor Level 3, Adrenal Glands  
  164  10:41  Hydralisk x2  
  164  10:42  Evolution Chamber  
  165  10:46  Zergling x10  
  170  10:50  Zergling x8  
  170  10:51  Baneling x2  
  170  10:52  Baneling  
  164  10:57  Zergling x12  
  164  11:01  Drone x3  
  172  11:09  Hydralisk x2  
  172  11:10  Hydralisk x2  
  177  11:12  Hydralisk  
  179  11:24  Zerg Missile Weapons Level 2  
  179  11:26  Zerg Melee Weapons Level 3  
  179  11:31  Hydralisk x2  
  183  11:34  Overseer  
  183  11:41  Drone x5  
  182  11:49  Hatchery, Zergling x2  
  182  11:50  Zergling x18  
  175  12:02  Baneling x10  
  175  12:05  Drone x11  
  186  12:16  Extractor  
  186  12:19  Hydralisk x2  
  186  12:20  Baneling x9  
  188  12:29  Overlord x4  
  185  12:30  Overlord  
  180  12:38  Overseer  
  172  12:45  Zergling x2  
  172  12:46  Zergling x16  
  172  12:47  Overlord x2  
  179  12:57  Zergling x18  
  188  12:58  Baneling x3  
  182  13:11  Hydralisk x4  
  189  13:19  Drone x3  
  191  13:23  Zergling x18  
  191  13:24  Zergling x2  
  199  13:30  Zergling x2  
  199  13:32  Baneling x8  
  199  13:33  Baneling  
  199  13:41  Baneling x5  
  195  13:42  Baneling x2  
  181  13:55  Zergling x8  
  181  13:56  Zergling x22  
  181  14:00  Overlord  
  181  14:01  Overseer x2  
  185  14:04  Zergling x6  
  185  14:08  Spore Crawler  
  185  14:09  Spore Crawler  
  185  14:10  Spore Crawler x2  
  185  14:12  Spore Crawler  
  185  14:15  Spore Crawler  
  178  14:17  Spore Crawler  
  178  14:21  Hatchery  
  178  14:24  Zergling x26  
  177  14:27  Queen  
  177  14:30  Zergling x16  
  178  14:39  Zerg Missile Weapons Level 3  
  178  14:40  Baneling x19, Drone x3  
  178  14:42  Baneling x7  
  181  14:45  Drone  
  181  14:46  Drone x3  
  181  14:49  Drone  
  181  14:50  Drone x3  
  181  14:51  Baneling x2  
  181  14:52  Drone  
  183  15:09  Baneling  
  183  15:10  Zergling x2, Baneling x10  
  183  15:11  Zergling x18  
  188  15:18  Zergling x16  
  188  15:19  Zergling x2  
  179  15:40  Overlord x2  
  179  15:45  Hatchery  
  179  15:46  Overseer  
  179  15:48  Hydralisk x4  
  179  15:49  Zergling x14  
  191  15:50  Zergling x4, Spore Crawler x2  
  191  15:53  Baneling  
  191  15:54  Baneling x7  
  191  15:55  Baneling  
  182  15:57  Zergling x2  
  182  16:01  Drone x3  
  181  16:05  Drone x7  
  175  16:20  Drone x5  
  175  16:21  Drone  
  159  16:32  Zergling x2  
  159  16:33  Zergling x40  
  159  16:36  Zergling x8  
  159  16:37  Zergling x2  
  184  16:47  Hatchery  
  183  17:07  Hatchery  
  182  17:09  Baneling x4  
  182  17:10  Zergling x20, Baneling x12  
  182  17:11  Zergling x6  
  182  17:12  Baneling  
  182  17:13  Baneling  
  182  17:14  Baneling x4  
  195  17:34  Overseer x3  
  195  17:35  Hatchery, Zergling x2  
  195  17:36  Zergling x12  
  196  17:39  Hydralisk x2  
  197  17:50  Baneling x5  
  197  17:51  Baneling  
  195  17:58  Baneling x14  
  193  18:01  Zergling x16  
  193  18:02  Zergling x2  
  197  18:12  Zergling x12  
  200  18:18  Zergling x6  
  199  18:22  Zergling x2  
  199  18:23  Zergling x2  
  196  18:33  Zergling x6  
  187  18:41  Spire  
  187  18:43  Extractor x2, Spire  
  187  18:45  Spine Crawler, Spore Crawler  
  187  18:46  Spine Crawler  
  176  18:54  Baneling  
  176  18:55  Baneling x12  
  172  18:57  Zergling x40  
  190  19:09  Zergling x8  
  199  19:10  Zergling x10  
  199  19:16  Baneling x9  
  199  19:22  Baneling x16  
  179  19:31  Zergling x12  
  179  19:32  Zergling x14  
  179  19:34  Zergling x4  
  183  19:43  Zergling x14  
  168  19:48  Hydralisk x4  
  174  19:59  Greater Spire, Zerg Flyer Armor Level 1  
  172  20:04  Queen  
  172  20:05  Queen x2  
  172  20:06  Queen  
  174  20:18  Queen  
  174  20:20  Hatchery  
  173  20:21  Drone  
  173  20:22  Drone x2  
  173  20:26  Baneling x5  
  173  20:27  Baneling x2  
  172  20:34  Zergling x2  
  172  20:35  Zergling x30  
  175  20:40  Baneling x7  
  175  20:41  Hydralisk x2  
  179  20:46  Hydralisk x2  
  179  20:47  Baneling  
  179  20:48  Overseer  
  173  20:58  Zergling x16  
  175  21:04  Corruptor x4  
  183  21:12  Baneling  
  172  21:19  Zergling x12  
  172  21:20  Zergling x22  
  187  21:30  Baneling x2  
  187  21:37  Baneling x2  
  187  21:38  Zerg Flyer Weapons Level 1  
  187  21:39  Brood Lord x3  
  184  21:40  Brood Lord  
  184  21:42  Hatchery  
  184  21:43  Baneling x7  
  185  21:51  Hatchery  
  183  21:54  Baneling x2  
  176  22:02  Corruptor x5  
  176  22:03  Corruptor  
  178  22:11  Extractor, Pathogen Glands  
  178  22:12  Extractor  
  178  22:14  Viper  
  180  22:24  Baneling x2  
  177  22:30  Baneling x2  
  177  22:32  Viper x2  
  177  22:33  Viper  
  177  22:34  Hatchery, Zergling x2  
  177  22:35  Zergling x24  
  191  22:38  Infestor x2  
  191  22:41  Brood Lord  
  191  22:42  Infestor  
  199  22:47  Hatchery  
  188  23:08  Neural Parasite  
  188  23:10  Brood Lord  
  188  23:12  Overlord x2  
  190  23:24  Hatchery  
  190  23:25  Baneling x5  
  188  23:30  Hydralisk Den  
  188  23:33  Spawning Pool  
  173  23:49  Hatchery  
  173  23:53  Infestor x2  
  167  23:56  Infestor  
  168  24:21  Hatchery  
  166  24:26  Infestor  
  167  24:41  Brood Lord  
  169  24:56  Brood Lord  
  170  25:18  Zerg Flyer Armor Level 2  
  170  25:20  Corruptor x2  
  170  25:22  Zergling x14  
  170  25:25  Overseer  
  176  26:16  Zerg Flyer Weapons Level 2  
  175  26:20  Zergling x14  
  175  26:21  Zergling x8  
  180  26:37  Zergling x14  
  180  26:39  Zergling x6  
  190  26:51  Corruptor x2  
  190  26:53  Overlord x4  
  190  26:54  Baneling x2  
  193  27:03  Baneling x3  
  193  27:04  Overseer  
  193  27:05  Hatchery  
  190  27:13  Overseer  
  186  27:24  Spore Crawler  
  186  27:25  Spore Crawler x2  
  181  27:30  Infestor  
  181  27:31  Infestor x2  
  179  27:54  Infestor x2  
  179  27:55  Infestor x2  
  185  28:02  Baneling x3  
  185  28:04  Zerg Flyer Armor Level 3  
  182  28:19  Zergling x12  
  188  28:20  Zergling x2  
  169  28:56  Extractor x2  
  169  28:57  Spore Crawler  
  169  28:58  Spine Crawler x2  
  164  29:06  Drone  
  164  29:07  Drone x5  
  172  29:10  Brood Lord x3  
  172  29:11  Viper x3  
  172  29:13  Spore Crawler  
  172  29:15  Queen  
  172  29:16  Spore Crawler  
  185  29:18  Infestor  
  185  29:20  Infestor  
  189  29:32  Overseer x2  
  186  30:00  Infestor  
  186  30:01  Infestor x4  
  193  30:12  Corruptor x3  
  194  30:20  Spore Crawler  
  193  30:22  Spore Crawler  
  193  30:24  Unknown  
  193  30:26  Unknown  
  193  30:27  Unknown  
  181  30:34  Zergling x26  
  173  30:43  Unknown  
  169  30:52  Queen  
  169  30:53  Queen x2  
  171  31:00  Spore Crawler  
  171  31:01  Spore Crawler  
  166  31:10  Infestor x4  
  172  31:19  Zerg Flyer Weapons Level 3  
  172  31:21  Hatchery  
  169  31:32  Zergling x12  
  171  31:33  Zergling x6  
  171  31:39  Hatchery  
  169  32:16  Drone  
  169  32:17  Drone  
  169  32:19  Drone x4  
  167  32:30  Hydralisk x3  
  167  32:31  Hydralisk  
  167  32:32  Zergling x14  
  167  32:37  Unknown  
  164  32:38  Zergling x20, Unknown  
  164  32:39  Zergling x12  
  164  32:41  Unknown  
  164  32:42  Unknown, Hydralisk x3  
  154  32:51  Infestor  
  154  32:53  Infestor  
  158  33:05  Zergling x8  
  132  33:46  Infestor x4  
  140  33:51  Hatchery  
  138  34:02  Corruptor  
  138  34:03  Corruptor  
  138  34:07  Baneling  
  138  34:08  Baneling  
  142  34:13  Baneling x2  
Show
View Real Time Build Order
Export as new Build Order

llIlIllIllII Zerg 

Build Orders:  

Get SALT Encoding   

  12  0:01  SCV  
  13  0:13  SCV  
  14  0:18  Supply Depot  
  14  0:25  SCV  
  15  0:39  SCV  
  15  0:42  Barracks  
  16  0:44  Refinery  
  16  0:51  SCV  
  17  1:04  SCV  
  18  1:16  SCV  
  19  1:28  Orbital Command  
  19  1:29  Reaper  
  20  1:43  Command Center  
  20  1:54  Supply Depot  
  20  1:55  SCV  
  21  2:01  Marine  
  21  2:08  Factory  
  22  2:10  SCV  
  23  2:17  Refinery  
  23  2:23  Barracks Reactor, SCV  
  24  2:35  SCV  
  25  2:47  SCV  
  26  2:53  Starport  
  26  2:54  Orbital Command  
  26  2:59  SCV  
  26  3:03  Hellion x2  
  31  3:07  Barracks Tech Lab  
  31  3:11  SCV  
  32  3:20  Supply Depot  
  32  3:22  SCV  
  32  3:24  Hellion x2, SCV  
  38  3:34  SCV  
  38  3:37  SCV  
  38  3:39  Marine, Raven  
  43  3:44  Supply Depot  
  43  3:47  SCV  
  43  3:48  Hellion  
  46  3:49  SCV  
  46  3:52  Hellion  
  49  3:58  Barracks Tech Lab  
  49  3:59  SCV  
  51  4:02  SCV  
  51  4:12  Command Center  
  51  4:17  SCV x2  
  51  4:20  Marine  
  54  4:25  Raven  
  54  4:27  Factory Reactor  
  54  4:28  Barracks  
  56  4:32  SCV x2  
  58  4:38  Marine  
  58  4:41  Barracks  
  58  4:43  Supply Depot  
  58  4:44  SCV  
  58  4:45  SCV  
  61  4:51  Stimpack  
  61  4:55  Supply Depot  
  61  4:56  SCV  
  62  5:02  Engineering Bay  
  62  5:05  Marine, SCV  
  62  5:06  Engineering Bay  
  64  5:08  SCV  
  65  5:17  Starport Reactor, SCV  
  65  5:19  Factory Reactor  
  65  5:20  SCV  
  67  5:22  Refinery x2  
  67  5:23  Marine  
  67  5:24  Marine  
  67  5:25  Marine  
  67  5:28  Orbital Command  
  70  5:29  SCV  
  70  5:32  SCV  
  70  5:33  Terran Infantry Weapons Level 1  
  72  5:38  Marine x2  
  72  5:39  Terran Infantry Armor Level 1  
  72  5:41  Marine, SCV  
  76  5:43  Marine  
  76  5:44  SCV  
  76  5:46  Marine  
  79  5:55  Orbital Command  
  79  5:56  Marine, SCV  
  81  5:57  Marine  
  81  5:59  Marine  
  81  6:00  Medivac  
  81  6:01  Supply Depot, Marine  
  81  6:03  Medivac  
  88  6:06  Marine  
  88  6:09  Widow Mine  
  88  6:10  Widow Mine  
  93  6:11  Barracks  
  93  6:13  Barracks  
  93  6:18  Supply Depot  
  93  6:23  Marine x4, SCV x2  
  93  6:24  Supply Depot, Marine  
  93  6:25  SCV  
  101  6:32  Medivac  
  101  6:33  Medivac  
  101  6:35  SCV x2  
  101  6:37  SCV  
  108  6:40  Marine x3, Widow Mine  
  108  6:43  Widow Mine  
  108  6:46  Marine  
  116  6:47  SCV x2  
  118  6:54  Armory  
  118  6:55  SCV  
  118  6:56  Supply Depot  
  118  6:58  Marine x2  
  118  6:59  Marine  
  118  7:01  Barracks Reactor  
  122  7:10  Marine  
  122  7:11  Marine  
  122  7:13  Barracks Reactor  
  122  7:14  SCV x2  
  125  7:18  Marine, Refinery, SCV  
  125  7:19  Supply Depot, Marine  
  127  7:26  SCV x2  
  127  7:27  Marine x2  
  127  7:28  Marine  
  131  7:30  Factory, SCV  
  131  7:35  Combat Shield  
  131  7:36  Marine  
  133  7:41  Marine, Widow Mine x2, SCV x2  
  133  7:43  Supply Depot  
  140  7:46  Terran Infantry Weapons Level 2  
  140  7:50  Terran Infantry Armor Level 2  
  140  7:51  Marine  
  129  7:55  Marine x4  
  129  7:57  Marine  
  132  7:58  Marine  
  132  8:01  Marine x2  
  132  8:03  Widow Mine  
  137  8:06  Medivac  
  137  8:07  SCV x2  
  137  8:09  Medivac  
  137  8:11  Marine  
  141  8:13  Marine  
  141  8:16  Supply Depot  
  141  8:18  Terran Vehicle And Ship Armor Level 1  
  142  8:21  Marine x4  
  142  8:22  Drilling Claws  
  142  8:26  SCV  
  147  8:27  SCV  
  147  8:29  Marine  
  149  8:34  Supply Depot x2  
  149  8:36  Marine x4  
  149  8:38  SCV x2  
  149  8:40  SCV  
  144  8:42  Marine  
  144  8:43  Marine  
  148  8:48  Widow Mine  
  148  8:50  SCV x2  
  148  8:52  SCV  
  148  8:55  Marine x2  
  147  8:57  Widow Mine  
  147  8:58  Widow Mine  
  147  9:02  SCV x2  
  155  9:03  Medivac x2  
  155  9:04  Marine x3, SCV  
  155  9:05  Marine  
  160  9:13  Unknown  
  156  9:17  Command Center  
  156  9:20  Marine x4  
  156  9:22  Widow Mine, Liberator  
  156  9:23  Marine  
  162  9:27  Marine x2, Widow Mine  
  162  9:30  Marine x2  
  168  9:34  Supply Depot  
  168  9:36  Supply Depot  
  170  9:44  Marine x2  
  171  9:46  Widow Mine  
  173  9:55  Marauder, Medivac, Marine x2  
  179  10:04  Marine x2  
  179  10:11  Marine x2  
  177  10:14  Marine x4  
  177  10:16  Marine  
  177  10:19  SCV  
  177  10:20  SCV  
  161  10:22  Medivac, Marine x2  
  161  10:27  Barracks  
  161  10:28  Barracks, SCV  
  151  10:29  Marine x2  
  151  10:31  SCV  
  151  10:32  Marine x3  
  151  10:34  Barracks  
  156  10:37  Unknown x3  
  156  10:39  Marine  
  156  10:42  SCV x2  
  150  10:43  SCV  
  150  10:46  Unknown  
  148  10:54  Marauder, SCV x2  
  148  10:55  Marine, SCV  
  138  10:57  Marine  
  139  11:06  SCV x2  
  139  11:07  SCV  
  142  11:12  Terran Infantry Weapons Level 3  
  142  11:17  Terran Infantry Armor Level 3  
  142  11:18  SCV x2  
  144  11:22  Planetary Fortress  
  144  11:24  Marine x2  
  144  11:25  Marine  
  147  11:27  Marine  
  147  11:30  Widow Mine, SCV  
  147  11:32  SCV  
  152  11:37  SCV  
  152  11:39  Marauder, Marine x2  
  155  11:41  Marine  
  155  11:42  Barracks Tech Lab x2, SCV  
  155  11:44  SCV  
  155  11:46  Marine  
  156  11:49  Widow Mine x2, SCV  
  156  11:50  Unknown  
  156  11:53  Medivac  
  150  11:54  SCV  
  150  11:55  Medivac  
  150  11:56  Marine, SCV  
  150  11:58  Barracks Tech Lab  
  150  12:01  Marauder, SCV  
  157  12:04  SCV  
  157  12:06  Marine, Sensor Tower  
  157  12:07  Marauder, Marine  
  157  12:08  Marine  
  162  12:09  Marine  
  162  12:11  Widow Mine  
  162  12:12  Marine, Widow Mine  
  169  12:16  Terran Vehicle And Ship Armor Level 2  
  169  12:19  Marine x2  
  169  12:20  Marauder  
  169  12:21  Marine  
  174  12:23  Marine x2  
  174  12:27  Concussive Shells  
  174  12:29  Marauder, SCV  
  176  12:30  Unknown, SCV x2  
  176  12:31  Unknown  
  176  12:32  Marine  
  176  12:33  Marine, Liberator  
  176  12:34  Marine  
  176  12:36  Liberator  
  175  12:39  Unknown  
  175  12:40  Unknown x2  
  175  12:41  Marauder, SCV  
  172  12:45  Marine  
  172  12:46  Marauder, Marine x2, Command Center  
  172  12:48  Marine  
  180  12:59  Marine  
  180  13:00  Marauder  
  180  13:03  Widow Mine x2  
  174  13:08  Marauder, Marine x2  
  174  13:10  Marine x2  
  174  13:11  Marauder, Marine x2  
  170  13:21  Marauder, Marine x2  
  170  13:23  Widow Mine  
  170  13:24  Command Center  
  176  13:29  Marauder, Marine x5  
  183  13:38  Medivac x2  
  184  13:42  Marine x2  
  184  13:43  Marauder x2, Marine x2  
  184  13:47  Marine, SCV x2  
  194  13:49  Unknown, SCV  
  194  13:52  Marauder, Marine  
  194  13:55  Missile Turret  
  177  13:56  Marine x2  
  177  13:58  Widow Mine  
  177  14:01  Marauder  
  165  14:03  Marine x2  
  165  14:04  Marauder, Marine  
  165  14:05  Marine  
  165  14:08  Unknown x2  
  170  14:10  Sensor Tower  
  170  14:11  Medivac  
  170  14:13  Marauder, Marine  
  175  14:19  Marine  
  175  14:20  Marauder  
  170  14:24  Marine x2  
  170  14:25  Marauder, Marine  
  170  14:26  Marauder  
  170  14:31  Marine x3  
  178  14:32  SCV  
  178  14:35  Marauder  
  178  14:36  Marine  
  178  14:37  Marine  
  182  14:41  Marauder  
  182  14:43  Orbital Command  
  180  14:46  Marauder, Marine  
  180  14:47  Marauder  
  180  14:50  Medivac  
  187  14:55  SCV  
  187  14:56  Marauder  
  190  15:00  Marine x2  
  190  15:03  Marauder  
  192  15:10  SCV  
  192  15:12  Planetary Fortress  
  192  15:13  Unknown  
  192  15:14  Marauder, Unknown, Marine x2  
  190  15:15  Marauder  
  190  15:16  Widow Mine x2  
  190  15:18  Medivac  
  190  15:20  Marine x2  
  192  15:23  Marauder  
  183  15:29  Sensor Tower  
  183  15:32  Marauder, Marine, Sensor Tower  
  183  15:33  Marine  
  183  15:34  Marine  
  188  15:37  Marauder  
  188  15:39  Marauder  
  188  15:41  Widow Mine x2  
  188  15:42  Widow Mine  
  198  15:43  Marine  
  198  15:44  Marine  
  171  15:59  Marauder, Marine x2  
  171  16:02  Marauder, Marine x4, Widow Mine x2  
  171  16:03  Marauder, Marine x2  
  191  16:04  Marauder  
  191  16:07  Widow Mine  
  181  16:13  Medivac  
  181  16:14  Medivac  
  181  16:16  Marine x2  
  179  16:20  Marine x3  
  179  16:24  Marauder, Widow Mine x2  
  179  16:25  Marauder, Marine  
  176  16:27  Marauder, Marine  
  176  16:28  Widow Mine  
  161  16:33  Marine  
  161  16:35  Marine  
  161  16:37  Unknown  
  161  16:38  Marauder, Orbital Command, Unknown  
  165  16:43  Medivac, Marine x4  
  165  16:44  Medivac, Marine  
  165  16:45  Marauder, Widow Mine  
  165  16:47  SCV x2  
  180  16:48  SCV  
  180  16:50  SCV  
  180  16:53  Marauder  
  182  16:55  Marine  
  182  16:56  Marine  
  182  16:58  Marine  
  185  17:02  Marauder  
  185  17:05  Marauder, Marine  
  185  17:06  Marine  
  185  17:08  SCV  
  190  17:10  SCV  
  190  17:11  SCV  
  190  17:12  Marine  
  190  17:13  Marine  
  184  17:16  Marauder  
  184  17:21  Marine  
  184  17:22  Marauder  
  185  17:25  Marauder, Marine x2  
  189  17:31  Marauder, Marine x2, Widow Mine x2  
  189  17:32  Medivac  
  189  17:35  Marine  
  189  17:36  SCV x3  
  199  17:41  Marine  
  199  17:44  Marauder  
  199  17:52  Marine  
  199  17:53  Medivac, Marine  
  200  18:01  Command Center  
  200  18:03  Marauder, Sensor Tower  
  200  18:05  Terran Vehicle And Ship Armor Level 3  
  200  18:07  Marine x3  
  200  18:08  Marauder  
  200  18:09  Unknown x3  
  200  18:12  Marauder, Unknown  
  200  18:16  Widow Mine  
  200  18:18  Marine  
  200  18:19  Marauder  
  198  18:20  Marine x2  
  200  18:38  Barracks Reactor  
  195  18:43  Barracks  
  195  18:44  Barracks  
  195  18:45  Marine x3  
  195  18:46  Marauder, Barracks  
  195  18:47  Barracks, Widow Mine x2  
  200  18:54  Marine  
  200  18:55  Marauder  
  200  18:56  Unknown  
  200  19:12  Command Center  
  200  19:15  Missile Turret  
  200  19:17  Unknown  
  200  19:19  Supply Depot  
  200  19:23  Orbital Command  
  196  19:25  Widow Mine x2  
  196  19:30  Marine, Widow Mine x2  
  196  19:31  Marauder, Marine x4  
  188  19:32  Marauder  
  178  19:41  Marauder, Marine x3  
  178  19:42  Marine x2  
  178  19:44  Marauder  
  178  19:45  Barracks Tech Lab, Barracks Reactor  
  162  19:47  Widow Mine x2  
  162  19:48  Marine x2  
  162  19:49  Marine x2  
  162  19:52  Marauder  
  159  19:53  Marauder  
  159  19:58  SCV x3  
  161  20:01  Marine  
  161  20:02  Marine  
  161  20:03  Marauder  
  161  20:04  Widow Mine  
  161  20:05  Widow Mine  
  161  20:06  Marauder, Marine x3  
  165  20:07  Marauder  
  165  20:08  Unknown  
  165  20:10  Medivac, SCV x3  
  165  20:12  Unknown x4  
  165  20:13  Medivac  
  165  20:24  Marine  
  165  20:25  Marauder, Marine x2, Unknown x4  
  165  20:26  Marine, Widow Mine x2  
  165  20:27  Marauder, Marine  
  172  20:28  Marine  
  172  20:29  SCV  
  172  20:31  SCV x2  
  172  20:33  SCV  
  168  20:36  Marauder  
  168  20:37  Marine x2  
  168  20:38  Marine  
  168  20:42  Marine  
  175  20:43  Marauder  
  175  20:50  Marauder, Marine x4  
  175  20:51  Marine x2, Unknown  
  175  20:52  Marine  
  175  20:55  Marine x3  
  175  20:58  Marine x2  
  175  21:02  SCV x3  
  174  21:06  Orbital Command  
  174  21:07  Marauder, Marine  
  177  21:13  Marine  
  177  21:14  Marauder  
  177  21:17  Marauder, Marine  
  175  21:18  Unknown  
  175  21:19  Marine  
  175  21:20  Missile Turret, SCV  
  172  21:27  SCV x4  
  176  21:34  Marauder, Marine  
  176  21:36  Marine  
  173  21:41  SCV  
  173  21:45  SCV  
  174  21:49  Marine  
  174  21:50  SCV  
  174  21:51  SCV  
  174  21:52  SCV  
  174  21:53  SCV  
  157  22:01  Marine  
  157  22:02  Orbital Command, Marine  
  157  22:03  Refinery  
  157  22:04  Refinery  
  157  22:06  Refinery, SCV  
  157  22:08  SCV  
  155  22:09  SCV  
  155  22:11  SCV  
  155  22:15  Marine x2  
  158  22:19  Marine  
  158  22:20  SCV x2  
  159  22:23  SCV x2  
  159  22:26  Marine x2  
  159  22:27  Marine  
  159  22:31  Marine x2  
  159  22:35  Refinery  
  159  22:36  Marine, SCV  
  163  22:38  SCV  
  163  22:40  SCV  
  165  22:45  SCV x2  
  165  22:46  Missile Turret  
  165  22:47  SCV  
  165  22:49  Marine x2  
  159  22:52  Marine x2, SCV x2  
  159  22:54  Widow Mine  
  159  22:55  Widow Mine  
  160  22:58  SCV x2  
  160  22:59  SCV  
  160  23:00  SCV  
  160  23:02  Marauder  
  160  23:03  Marine  
  160  23:04  Marine x2, SCV  
  166  23:05  Marine  
  166  23:08  Marine  
  166  23:10  Medivac  
  166  23:12  Medivac  
  162  23:15  Marine  
  162  23:16  Marine x3, SCV  
  162  23:17  Marine  
  162  23:18  Marine  
  162  23:19  Marine x2  
  171  23:20  Marine  
  171  23:21  Marine x2  
  171  23:23  Widow Mine  
  171  23:25  Widow Mine  
  176  23:28  Marine x4  
  176  23:33  SCV  
  172  23:38  Marine x4  
  172  23:41  Marine x3  
  172  23:44  Marine, Widow Mine  
  172  23:45  Medivac x2, Widow Mine  
  172  23:46  Marine x2  
  172  23:47  Marine x2  
  172  23:48  Marine  
  168  23:49  Marine  
  168  23:54  Ghost Academy  
  168  23:55  SCV x3  
  166  23:56  SCV  
  166  23:59  Marauder  
  167  24:06  Starport  
  167  24:08  Starport x2  
  167  24:09  Unknown x3  
  151  24:14  Marauder, Marine  
  151  24:16  SCV x3  
  151  24:17  SCV  
  136  24:19  Medivac  
  136  24:20  SCV  
  136  24:22  Marauder, SCV  
  136  24:23  Barracks Tech Lab  
  136  24:24  Barracks Tech Lab  
  141  24:27  Marine  
  141  24:28  Marauder, Marine, SCV x2  
  141  24:29  SCV  
  141  24:31  Marauder, Marine  
  151  24:33  Marine  
  151  24:34  Marauder, Marine  
  151  24:37  SCV  
  151  24:38  SCV x2  
  155  24:43  Fusion Core  
  155  24:45  SCV x2  
  157  24:49  Marine x2  
  157  24:50  Marauder x2, Marine  
  157  24:51  Starport Tech Lab  
  159  24:53  Starport Reactor  
  159  24:56  Starport Reactor  
  159  24:58  Refinery x2  
  158  25:01  Viking  
  160  25:08  Viking  
  160  25:14  Marauder, Marine  
  162  25:16  Unknown  
  162  25:17  Unknown  
  148  25:25  Liberator  
  148  25:26  Refinery  
  148  25:27  Refinery  
  145  25:34  Advanced Ballistics  
  145  25:35  Command Center, Liberator  
  145  25:36  Viking  
  145  25:37  Viking x2  
  145  25:39  Command Center  
  151  25:43  Liberator  
  151  25:44  Marine  
  151  25:45  Marine x7  
  151  25:48  Marauder  
  164  25:52  Orbital Command  
  167  26:02  Liberator  
  167  26:03  SCV x4  
  157  26:08  SCV  
  150  26:15  SCV x2  
  150  26:19  Viking  
  150  26:20  Viking  
  150  26:23  SCV x2  
  159  26:28  Liberator  
  159  26:29  Marauder, Marine  
  162  26:33  Viking x2  
  162  26:34  SCV  
  162  26:35  Command Center, SCV  
  162  26:36  SCV  
  162  26:38  SCV  
  162  26:39  SCV  
  169  26:43  Marine  
  169  26:44  Marauder x2, Marine  
  169  26:45  Viking  
  177  26:48  Marauder  
  177  26:53  Marine x2, Unknown  
  164  26:57  Marauder, Marine  
  164  26:58  Marine  
  164  27:00  Marauder  
  169  27:02  Terran Ship Weapons Level 1  
  169  27:03  Marine  
  169  27:04  Marauder  
  169  27:06  Viking  
  169  27:07  Marine  
  175  27:14  Liberator x2  
  175  27:15  Bunker, Liberator x2  
  175  27:18  SCV x2  
  177  27:27  Marauder, Marine  
  178  27:30  SCV x4  
  178  27:35  Marine  
  178  27:36  Marauder  
  197  27:38  Medivac  
  197  27:42  Marauder  
  179  27:49  Medivac  
  179  27:51  Viking  
  180  28:09  Viking, Planetary Fortress  
  180  28:10  Sensor Tower  
  182  28:17  Missile Turret  
  182  28:19  Marine, Viking x2  
  185  28:20  Marine x2  
  185  28:21  Marauder  
  185  28:23  Marauder, Marine x2  
  185  28:24  Marauder, Marine x2, Sensor Tower  
  185  28:26  Marauder  
  194  28:27  Marine  
  194  28:29  Marauder  
  194  28:31  Marauder  
  194  28:32  SCV  
  191  28:35  Marauder, Marine  
  191  28:36  SCV  
  191  28:42  SCV x4  
  191  28:48  Marauder, Marine  
  185  28:52  SCV  
  185  28:53  Marauder, Marine x3  
  185  28:54  Marauder, SCV  
  188  28:56  SCV x2  
  188  29:00  SCV x2  
  188  29:01  Viking  
  194  29:06  Viking  
  194  29:09  Marauder  
  198  29:10  Sensor Tower, SCV  
  198  29:11  SCV  
  200  29:17  Liberator  
  200  29:23  Sensor Tower  
  190  29:39  Command Center  
  188  29:45  Marine  
  188  29:46  Marauder, Medivac x2  
  188  29:52  Medivac x2  
  199  29:55  Medivac  
  199  29:59  Medivac  
  200  30:00  Neosteel Armor  
  200  30:01  Hi-Sec Auto Tracking  
  188  30:15  Unknown x2  
  181  30:23  Marine  
  181  30:24  Marauder, Marine  
  181  30:25  Viking x2  
  181  30:28  Unknown x3  
  167  30:30  Marine x2  
  167  30:31  Marauder  
  167  30:33  Marauder, Marine x2  
  167  30:34  Marauder, Marine, Missile Turret  
  152  30:36  Viking x2  
  152  30:40  Medivac x2  
  149  30:45  Marine x2  
  149  30:46  Marauder x2, Marine  
  149  30:48  Marauder, Marine x2  
  138  30:50  Marauder, Marine x2  
  138  30:52  Viking  
  138  31:06  Viking x3  
  138  31:09  Marauder  
  122  31:16  Viking  
  122  31:17  Marine  
  122  31:18  Marine x2  
  123  31:29  Viking x2  
  123  31:32  Orbital Command  
  127  31:34  Marauder, Marine x2  
  127  31:39  Viking  
  133  31:49  Marine x4  
  133  31:50  Marauder  
  139  32:00  Marine  
  139  32:01  Marauder  
  142  32:02  Marauder, Marine x2  
  142  32:03  Marine  
  142  32:08  Marauder  
  143  32:21  SCV x3  
  130  32:31  SCV  
  126  32:43  SCV  
  107  32:44  Marine  
  107  32:45  Marauder  
  87  33:07  Viking  
  83  33:18  Viking  
  70  33:29  SCV x2  
  70  33:34  Unknown x3  
  70  33:38  Orbital Command  
  67  33:44  SCV x2  
  69  33:48  SCV  
  70  34:03  Unknown  
  70  34:11  SCV  
  71  34:20  Unknown x4  
  71  34:24  SCV  
Show
View Real Time Build Order
Export as new Build Order

Special Zerg 

Build Orders:  

Get SALT Encoding   

Show
View Real Time Build Order
Export as new Build Order

soul Terran 

Build Orders:  

Get SALT Encoding   

Show
View Real Time Build Order
Export as new Build Order

Lambo Terran 

Build Orders:  

Get SALT Encoding   

Show
View Real Time Build Order
Export as new Build Order

Kelazhur Terran 

Build Orders:  

Get SALT Encoding   

Tags
 
Add a new tag
Caveats
  • Supply blocks, unpowered buildings, or Contaminate may cause inaccurate times.
  • Supply counts are checked every 10 seconds.